 Dungeon Crawl Stone Soup version 0.19-a0-1568-gdd01aac (webtiles) character file.

1367 JustSomeDude the Poker (level 8, -5/61 HPs)
             Began as a Demonspawn Fighter on Sept 9, 2016.
             Was a Follower of Okawaru.
             Killed by divine providence
             ... invoked by an orc priest
              (11 damage)
             ... on level 6 of the Dungeon on Sept 15, 2016.
             The game lasted 00:15:06 (4501 turns).

JustSomeDude the Poker (Demonspawn Fighter)         Turns: 4501, Time: 00:15:07

Health: -5/61      AC:  7    Str: 24    XL:     8   Next: 38%
Magic:  0/8        EV:  9    Int:  9    God:    Okawaru [*.....]
Gold:   244        SH: 10    Dex: 13    Spells: 0 memorised, 7 levels left

rFire  . . .     SeeInvis .     a - +0 trident
rCold  . . .     Gourm    .     b - +0 scale mail
rNeg   . . .     Faith    .     c - +0 shield
rPois  +         Spirit   +     (helmet restricted)
rElec  .         Dismiss  .     (no cloak)
rCorr  +         Reflect  .     (no gloves)
MR     .....     Harm     +     (no boots)
Stlth  ..........               E - amulet of harm
                                H - ring of resist corrosion
                                C - ring of poison resistance

@: mighty
A: antennae 1, claws 1, talons 1, spiny 1, magic shield
a: Heroism, Renounce Religion


You were on level 6 of the Dungeon.
You worshipped Okawaru.
Okawaru was aware of your devotion.
You were not hungry.

You visited 1 branch of the dungeon, and saw 6 of its levels.
You also visited: Sewer.

You collected 244 gold pieces.

Inventory:

Hand Weapons
 a - a +0 trident (weapon)
Armour
 b - a +0 scale mail (worn)
 c - a +0 shield (worn)
 j - a +0 pair of boots
Jewellery
 C - a ring of poison resistance (left claw)
 D - an uncursed ring of protection from fire
 E - an amulet of harm (around neck)
 H - a ring of resist corrosion (right claw)
Wands
 s - a wand of digging (10/24)
 y - a wand of flame (22/48)
Scrolls
 e - 2 scrolls of fear {unknown}
 g - 4 scrolls of remove curse {unknown}
 h - 5 scrolls of identify {unknown}
 i - 2 scrolls of magic mapping {unknown}
 k - 3 scrolls of enchant armour {unknown}
 o - 3 scrolls of noise {unknown}
 p - a scroll of fog {unknown}
 q - a scroll of enchant weapon {unknown}
 r - 2 scrolls of teleportation {unknown}
 x - a scroll of blinking {unknown}
 A - a scroll of recharging {unknown}
 G - a scroll of amnesia {unknown}
Potions
 d - 3 potions of might
 l - 3 potions of flight {unknown}
 m - 2 potions of curing {unknown}
 n - 2 potions of brilliance {unknown}
 t - a potion of mutation {unknown}
 u - a potion of cure mutation {unknown}
 v - 2 potions of haste {unknown}
 w - a potion of magic {unknown}
 z - 2 potions of heal wounds {unknown}
 B - a potion of ambrosia {unknown}
 F - a potion of degeneration {unknown}
Comestibles
 f - 3 bread rations
 I - a chunk of flesh


   Skills:
 + Level 4.5 Fighting
 + Level 5.7 Polearms
 + Level 5.1 Armour
 + Level 2.5 Dodging
 + Level 1.2 Stealth
 + Level 5.0 Shields


You had 7 spell levels left.
You didn't know any spells.

Dungeon Overview and Level Annotations

Branches:
Dungeon (6/15)
 Temple: D:4-7

Altars:
Hepliaklqana
Makhleb
Nemelex Xobeh
Okawaru
Trog
Yredelemnul
The Shining One


Innate Abilities, Weirdness & Mutations

You have a pair of small antennae on your head.
You have sharp fingernails.
You have sharp toenails.
You are partially covered in sharp spines.
When hurt, damage is shared between your health and your magic reserves.


Message History

You block the orc warrior's attack.
Your scale mail prevents you from hitting the orc warrior.
You claw the orc warrior, but do no damage.
The orc warrior is severely wounded.
The orc warrior hits you with a flail.
* * * LOW HITPOINT WARNING * * *
You barely miss the orc warrior.
You claw the orc warrior, but do no damage.
The orc warrior is severely wounded.
The orc warrior is struck by your spines.
The orc warrior hits you with a flail.
* * * LOW HITPOINT WARNING * * *
Your shield prevents you from hitting the orc warrior.
You claw the orc warrior.
You kill the orc warrior!
Okawaru accepts your kill.
Your Shields skill increases to level 5!
The orc priest invokes the aid of Beogh against you.
Beogh smites you!
You die...

.........## .........
....... #....# #...<##
##..#..# ..###...#..##
##
#...........###..####
##..#.......o@.......
.####.
###.....###..####
..##.. ###..## .#
.....## #..# ####
......# ##.## .#..
####..#####..# #..##
#..##....### #....#
##.....##...###.....#
#
##....######..#.......


You could see an orc priest.

Vanquished Creatures
  Grinder (D:3)
  Sigmund (D:2)
  The ghost of dorian the Abyss-Baptised, an amateur DsAK of Lugonu (D:3)
  The ghost of crawlian the Firebug, an amateur DEFE of Vehumet (D:6)
  A black bear (D:6)
  An orc warrior (D:6)
  2 centaurs (D:5)
  A crimson imp (D:5)
  2 hounds (D:4)
  2 iguanas
  A worker ant (D:6)
  13 adders
  2 oozes
  4 worms
  A dart slug (D:4)
  2 leopard geckos
  10 orcs
  2 ball pythons (Sewer)
  10 bats
  6 giant cockroaches
  8 goblins
  11 hobgoblins
  12 jackals
  A quokka (D:2)
  7 frilled lizards
  2 gnoll zombies (D:5)
  17 kobolds
  A leopard gecko skeleton (D:4)
  A quokka skeleton (D:4)
  5 rats
129 creatures vanquished.

Notes
Turn   | Place    | Note
-------+----------+-------------------------------------------
     0 | D:1      | JustSomeDude the Demonspawn Fighter began the quest for the Orb.
     0 | D:1      | Reached XP level 1. HP: 18/18 MP: 1/1
    66 | D:1      | Gained mutation: When hurt, damage is shared between your health and your magic reserves. [demonic ancestry]
    66 | D:1      | Reached XP level 2. HP: 6/24 MP: 2/2
   386 | D:1      | Gained mutation: You have sharp fingernails. [demonic ancestry]
   386 | D:1      | Reached XP level 3. HP: 29/29 MP: 3/3
   600 | D:2      | Upgraded the game from 0.19-a0-1493-gd0fcaa6 to 0.19-a0-1513-gf6d23ed
   600 | D:2      | Upgraded the game from 0.19-a0-1513-gf6d23ed to 0.19-a0-1532-g228a5d9
   600 | D:2      | Upgraded the game from 0.19-a0-1532-g228a5d9 to 0.19-a0-1553-g64c24c3
  1108 | D:2      | Gained mutation: You have a pair of small antennae on your head. [demonic ancestry]
  1108 | D:2      | Reached XP level 4. HP: 32/35 MP: 2/4
  1186 | D:2      | Noticed Sigmund
  1210 | D:2      | Killed Sigmund
  1210 | D:2      | Reached skill level 1 in Dodging
  1210 | D:2      | Gained mutation: You are partially covered in sharp spines. [demonic ancestry]
  1210 | D:2      | Reached XP level 5. HP: 23/42 MP: 3/5
  1780 | D:3      | Found an iron altar of Okawaru.
  1790 | D:3      | Noticed dorian's ghost (amateur DsAK)
  1807 | D:3      | Became a worshipper of Warmaster Okawaru
  1821 | D:3      | Killed dorian's ghost
  1821 | D:3      | Reached XP level 6. HP: 35/48 MP: 6/6
  2023 | D:3      | Noticed Grinder
  2025 | D:3      | Paralysed by Grinder for 7 turns
  2035 | D:3      | Killed Grinder
  2035 | D:3      | Reached * piety under Okawaru
  2035 | D:3      | Reached XP level 7. HP: 17/53 MP: 2/7
  2401 | D:4      | Found a glowing drain.
  2423 | Sewer    | Entered a sewer
  2461 | Sewer    | Upgraded the game from 0.19-a0-1553-g64c24c3 to 0.19-a0-1568-gdd01aac
  2976 | D:4      | Found a burning altar of Makhleb.
  3016 | D:4      | Found a bloodstained altar of Trog.
  3260 | D:4      | Found a hazy altar of Hepliaklqana.
  3366 | D:5      | Entered Level 5 of the Dungeon
  3636 | D:5      | Found a sparkling altar of Nemelex Xobeh.
  3707 | D:5      | Found a glowing golden altar of the Shining One.
  3743 | D:5      | Reached skill level 5 in Polearms
  3743 | D:5      | Gained mutation: You have sharp toenails. [demonic ancestry]
  3743 | D:5      | Reached XP level 8. HP: 60/60 MP: 8/8
  3955 | D:5      | Found a basalt altar of Yredelemnul.
  4455 | D:6      | Noticed crawlian's ghost (amateur DEFE)
  4472 | D:6      | Reached skill level 5 in Armour
  4472 | D:6      | Reached skill level 1 in Stealth
  4479 | D:6      | Killed crawlian's ghost
  4501 | D:6      | Reached skill level 5 in Shields
  4501 | D:6      | Killed from afar by an orc priest

Vault maps used:
D:1:      dpeg_arrival_shrine, grunt_decor_clamped
D:2:      uniq_sigmund
D:3:      lemuel_crystal_altar, first_bread, minmay_misc_feat_ornament,
          uniq_grinder
D:4:      overflow_temple_1_default, overflow_temple_1_default,
          gup_sewer_entry_glass, serial_glass, glass_columns_a, glass_columns_a,
          glass_columns_a, glass_columns_b, glass_columns_b, glass_columns_b,
          glass_columns_c, glass_columns_b, glass_columns_a, glass_columns_b,
          glass_columns_b, glass_columns_c, glass_columns_c, glass_columns_a,
          makhleb_blood_cavern_becter
D:5:      tso_metal_star, nicolae_overflow_crystal_walls,
          lemuel_zombie_altar_yredelemnul
D:6:      corexii_checkpoint_a
Sewer:    sewer_co_scattered_pipes

Skill      XL: |  1  2  3  4  5  6  7  8 |
---------------+-------------------------+-----
Shields        | 3 4 5 |  5.0
Armour         | 3 4 5 |  5.1
Polearms       | 2 3 4 5 |  5.7
Dodging        | 1 2 |  2.5
Fighting       | 4 |  4.5
Stealth        | 1 |  1.2

Action                   |  1- 3 |  4- 6 |  7- 9 || total
-------------------------+-------+-------+-------++-------
Melee: Trident           |   184 |   120 |   196 ||   500
       Kick              |       |       |    12 ||    12
Invok: Heroism           |       |       |     3 ||     3
  Use: Potion            |       |       |     1 ||     1
  Eat: Chunk             |       |     2 |     7 ||     9
       Pizza             |       |     1 |       ||     1
       Bread ration      |       |       |     1 ||     1
Armor: Scale mail        |    76 |    24 |    47 ||   147
Dodge: Dodged            |    50 |    23 |    32 ||   105
Block: Shield            |    82 |    29 |    87 ||   198
